 Dungeon Crawl Stone Soup version 0.23-a0-622-g59b4ea9c50 (webtiles) character file.

5 Adamkad1 the Sneak (level 1, 0/9 HPs)
             Began as a Spriggan Enchanter on Dec 24, 2018.
             Slain by a hobgoblin
             ... wielding a +0 club
              (5 damage)
             ... on level 1 of the Dungeon.
             The game lasted 00:00:39 (123 turns).

Adamkad1 the Sneak (Spriggan Enchanter)              Turns: 123, Time: 00:00:40

Health: 0/9        AC:  2    Str:  4    XL:     1   Next: 66%
Magic:  5/5        EV: 18    Int: 16    God:
Gold:   0          SH:  0    Dex: 16    Spells: 4/5 levels left

rFire    . . .     SeeInvis +   a - +1 dagger
rCold    . . .     Gourm    .   (shield restricted)
rNeg     . . .     Faith    .   b - +0 robe
rPois    .         Spirit   .   (helmet restricted)
rElec    .         Reflect  .   (no cloak)
rCorr    .         Harm     .   (gloves unavailable)
MR       .....                  (boots unavailable)
Stlth    +++.......             (no amulet)
HPRegen  0.03/turn              (no ring)
MPRegen  0.09/turn              (no ring)

@: very quick
A: very small, unfitting armour, see invisible, herbivore, speed 3, slow
metabolism 2
a: no special abilities


You were on level 1 of the Dungeon.
You were not hungry.

You visited 1 branch of the dungeon, and saw 1 of its levels.

Inventory:

Hand Weapons
 a - a +1 dagger (weapon)
Armour
 b - a +0 robe (worn)
Potions
 c - a potion of heal wounds {unknown}
Comestibles
 d - a ration


   Skills:
 + Level 1.1 Short Blades
 + Level 0.0 Armour
 * Level 3.1 Dodging
 * Level 4.5 Stealth
 * Level 2.8 Spellcasting
 * Level 3.7 Hexes


You had 4 spell levels left.
You knew the following spells:

 Your Spells              Type           Power        Failure   Level  Hunger
a - Corona                Hex            ##.....      4%          1    #......

Your spell library contained the following spells:

 Spells                   Type           Power        Failure   Level  Hunger
 Confuse                  Hex            ##......     12%         3    ###....
 Tukima's Dance           Hex            ##......     12%         3    ###....
 Ensorcelled Hibernation  Hex/Ice        #.....       13%         2    ##.....
 Dazzling Spray           Conj/Hex       #.....       26%         3    ###....


Dungeon Overview and Level Annotations

Branches:
Dungeon (1/15)

Altars:


Innate Abilities, Weirdness & Mutations

You are very small and have problems with some larger weapons.
You are too small for most types of armour.
You have supernaturally acute eyesight. (SInv)
You are a herbivore.
You cover ground extremely quickly.
You need to consume almost no food.


Message History

The goblin splashes around in the water.
You hit the kobold but do no damage.
The kobold is heavily wounded.
The goblin hits the plant but does no damage.
A hobgoblin comes into view. It is wielding a +0 club.
The kobold hits you with a +0 dagger.
The goblin hits the plant but does no damage.
The hobgoblin shouts!
You hit the kobold.
You kill the kobold!
The goblin hits the plant but does no damage.
You hit the goblin.
The goblin is severely wounded.
The goblin hits you.
The goblin hits the plant.
You hit the goblin.
You kill the goblin!
The goblin hits the plant.
You barely miss the hobgoblin. The hobgoblin hits you with a +0 club.
Ouch! That really hurt!
You die...

###..#####.########
#..................
..####(###########
#.# #.### #.#).
#(#.# # #(#.# ...
#@#.#
.....#g#.####.##
.......Pg...g..!.
..
#....≈≈≈P≈####.##
##.## .g...♣≈≈≈...
#.... ##..###..>###
..... #.. #...#
#..## #. #...#
....[ # #.... #....


You could see a hobgoblin and a goblin.

Vanquished Creatures
  A hobgoblin (D:1)
  3 kobolds (D:1)
  A goblin (D:1)
5 creatures vanquished.

Notes
Turn   | Place    | Note
-------+----------+-------------------------------------------
     0 | D:1      | Adamkad1 the Spriggan Enchanter began the quest for the
                  | Orb.
     0 | D:1      | Reached XP level 1. HP: 9/9 MP: 5/5
   123 | D:1      | Slain by a hobgoblin

Vault maps used:
D:1:      saegor_arrival_simple_b, st_stairs_6, serial_bayou_pond_e,
          minmay_ruptured

Action                   || total
-------------------------++-------
Melee: Dagger            ||    15
 Cast: Corona            ||     2
 Stab: Sleeping          ||     1
Armor: Robe              ||     2
Dodge: Dodged            ||     4

Table legend:
 A = Non-vault XP
 B = Vault XP
 C = Vault XP percentage of total XP
 D = Non-vault monster count
 E = Vault monster count
 F = Vault count percentage of total count
                 A         B        C        D         E       F
            +---------+---------+-------+---------+---------+-------
      Total |       8 |       0 |   0.0 |       5 |       0 |   0.0
            +---------+---------+-------+---------+---------+-------
        D:1 |       8 |       0 |   0.0 |       5 |       0 |   0.0
            +---------+---------+-------+---------+---------+-------
